 Dungeon Crawl Stone Soup version 0.27-a0-203-gd48b2df3c9 (webtiles) character file.

Game seed: 17157884110295417869

19 iamserjio the Skirmisher (level 2, -4/29 HPs)
             Began as a Gnoll Abyssal Knight on Jan 30, 2021.
             Was an Initiate of Lugonu.
             Killed from afar by a dart slug (7 damage)
             ... with a slug dart
             ... on level 2 of the Dungeon.
             The game lasted 00:01:28 (239 turns).

iamserjio the Skirmisher (Gnoll Abyssal Knight)      Turns: 239, Time: 00:01:28

Health: -4/29      AC:  7    Str: 11    XL:     2   Next: 75%
Magic:  5/5        EV: 11    Int: 11    God:    Lugonu [......]
Gold:   7          SH:  0    Dex: 11    Spells: 2/2 levels left

rFire    . . .     SeeInvis .   c - +0 great sword
rCold    . . .     Faith    .   (shield currently unavailable)
rNeg     . . .     Spirit   .   f - +0 ring mail
rPois    .         Reflect  .   (no helmet)
rElec    .         Harm     .   (no cloak)
rCorr    .         Rampage  .   (no gloves)
Will     .....                  g - +0 pair of boots
Stlth    +.........             (no amulet)
HPRegen  0.09/turn              (no ring)
MPRegen  0.09/turn              (no ring)

@: no status effects
A: distributed training, fangs 1, strong nose
a: Renounce Religion


You were on level 2 of the Dungeon.
You worshipped Lugonu.
Lugonu was noncommittal.
You visited 1 branch of the dungeon, and saw 2 of its levels.
You visited the Abyss 1 time.

You collected 7 gold pieces.

Inventory:

Hand Weapons
 a - a +1 hand axe
 c - a +0 great sword (weapon)
Armour
 b - a +0 leather armour
 f - a +0 ring mail (worn)
 g - a +0 pair of boots (worn)
Scrolls
 d - a scroll of remove curse {unknown}
Potions
 e - a potion of degeneration {unknown}


   Skills:
 + Level 6.5 Fighting
 + Level 0.5 Short Blades
 + Level 0.5 Long Blades
 + Level 4.5 Axes
 + Level 0.5 Maces & Flails
 + Level 0.5 Polearms
 + Level 0.5 Staves
 + Level 0.5 Slings
 + Level 0.5 Bows
 + Level 0.5 Crossbows
 + Level 0.5 Throwing
 + Level 4.5 Armour
 + Level 2.5 Dodging
 + Level 0.5 Stealth
 + Level 0.5 Shields
 + Level 0.5 Unarmed Combat
 + Level 0.5 Spellcasting
 + Level 0.3 Conjurations
 + Level 0.3 Hexes
 + Level 0.3 Summonings
 + Level 0.3 Necromancy
 + Level 0.3 Translocations
 + Level 0.3 Transmutations
 + Level 0.3 Fire Magic
 + Level 0.3 Ice Magic
 + Level 0.3 Air Magic
 + Level 0.3 Earth Magic
 + Level 0.3 Poison Magic
 + Level 4.5 Invocations
 + Level 0.5 Evocations


You had 2 spell levels left.
You didn't know any spells.
Your spell library was empty.

Dungeon Overview and Level Annotations

Branches:
Dungeon (2/15)

Altars:


Innate Abilities, Weirdness & Mutations

Your experience applies equally to all skills.
You have very sharp teeth.
Your uncanny sense of smell can sniff out nearby items.


Message History

The quokka misses you. The quokka barely misses you.
You riposte.
You barely miss the quokka. You slash the quokka!
You kill the quokka!
You see here a quokka corpse.
g - a pair of boots You start putting on your armour.
You continue putting on your pair of boots. x4
You finish putting on your +0 pair of boots.
You open the door.
Found 10 gold pieces.
A dart slug comes into view.
Found a ring mail.
Found a stone staircase leading down.
There is an open door here.
The dart slug bites you.
* * * LOW HITPOINT WARNING * * *
You hit the dart slug. The dart slug launches a dart at you.
The slug dart hits you!
You die...

[#.>## #.# #.#########.
......# #.# #.# #. .......
#.#####.### #. .......
#.....†...# #####. .......
#.#####.#.# ...#.
.......##.#####.#.# #.#.
.......'........#(#####...
.......##w#######.......##
....... #@##### #.#.#####
....... #.....# #...#
....... #.##### ###.#
....... #.# #.# .w.....
#.# ### ....... #.# ###


You could see a dart slug.

Vanquished Creatures
  An adder (D:2)
  2 giant cockroaches (D:1)
  2 goblins (D:1)
  2 hobgoblins (D:1)
  A quokka (D:2)
  A frilled lizard (D:2)
9 creatures vanquished.

Notes
Turn   | Place    | Note
-------+----------+-------------------------------------------
     0 | Abyss:1  | iamserjio the Gnoll Abyssal Knight began the quest for the
                  | Orb.
     0 | Abyss:1  | Reached XP level 1. HP: 23/23 MP: 3/3
    29 | Abyss:1  | Noticed a large abomination
    32 | Abyss:2  | Found a corrupted altar of Lugonu.
    46 | Abyss:2  | Noticed a spatial vortex
    48 | D:1      | Escaped the Abyss
   103 | D:1      | Reached XP level 2. HP: 22/29 MP: 5/5
   207 | D:2      | HP: 1/29 [quokka (4)]
   239 | D:2      | Killed from afar by a dart slug

Illustrated notes

Levels and vault maps discovered:
D:1:      scummos_arrival_checkerplants, layout_rooms
D:2:      layout_basic, chequers_ecumenical_altar_simple_redux,
          grunt_dithmenos_smoke_and_mirrors

Action                   || total
-------------------------++-------
Melee: Great sword       ||    37
       Bite              ||     4
Invok: Depart the Abyss  ||     1
Armor: Leather armour    ||     6
       Ring mail         ||    11
Dodge: Dodged            ||    35
       Rpst.: Great sword ||    11

Table legend: (Time is in decaauts)
 A = Elapsed time spent in this place.
 B = Non-inter-level travel time spent in this place.
 C = Inter-level travel time spent in this place.
 D = Time resting spent in this place.
 E = Time spent auto-exploring this place.
 F = Levels seen in this place.
 G = Mean time per level.
                   A        B        C        D        E       F      G
               +--------+--------+--------+--------+--------+-----+--------+
         Total |    263 |    263 |      0 |      0 |      0 |   4 |   65.8 |
       Dungeon |    214 |    214 |      0 |      0 |      0 |   2 |  107.0 |
         Abyss |     49 |     49 |      0 |      0 |      0 |   2 |   24.5 |
               +--------+--------+--------+--------+--------+-----+--------+

Top non-repeatable levels by time:
     D:2: 116 daAuts
     D:1: 98 daAuts
 Abyss:1: 33 daAuts
 Abyss:2: 15 daAuts
